 Dungeon Crawl Stone Soup version 0.16.1-51-g6203257 (webtiles) character file.

45794 poirepourri the Nimble (level 14, -4/135 (139) HPs)
             Began as a Deep Dwarf Berserker on Aug 5, 2015.
             Was a Priest of Trog.
             Slain by a brown very ugly thing (7 damage)
             ... on level 1 of the Depths.
             The game lasted 00:55:19 (13476 turns).

poirepourri the Nimble (Deep Dwarf Berserker)      Turns: 13476, Time: 00:55:19

HP:   -4/135 (139)  AC: 18    Str: 25    XL:     14   Next: 2%
MP:   12/13         EV: 20    Int:  8    God:    Trog [***...]
Gold: 507           SH: 10    Dex: 13    Spells: 0 memorised, 13 levels left

rFire  + . .     SeeInvis .     L - +4 war axe (elec)
rCold  . . .     Clarity  .     p - +1 scale mail
rNeg   + . .     SustAb   .     Z - +0 shield
rPois  .         Gourm    .     k - +2 helmet
rElec  .         Spirit   .     y - +0 cloak
rCorr  .         Warding  .     G - +0 pair of gloves
rMut   .         Stasis   .     m - +1 pair of boots
MR     ++...                    (no amulet)
Stlth  +.........               i - +5 ring of evasion
                                v - ring of protection from fire

@: non-regenerating, slowed, very slow, very resistant to hostile enchantments,
very unstealthy
A: damage resistance, recharge devices, talons 1, low mp 1, negative energy
resistance 1, sense surroundings 2, slow healing 3, forlorn
a: Device Recharging, Burn Spellbooks, Berserk, Trog's Hand, Renounce Religion


You were on level 1 of the Depths.
You worshipped Trog.
Trog was most pleased with you.
You were not hungry.

You visited 2 branches of the dungeon, and saw 16 of its levels.
You visited 1 bazaar.
You also visited: Sewer.

You collected 861 gold pieces.
You spent 354 gold pieces at shops.

Inventory:

Hand weapons
 a - a +1 hand axe
 C - a +1 vampiric hand axe
 D - a +1 hand axe of draining
 H - a +4 war axe
 L - a +4 war axe of electrocution (weapon)
 P - the cursed +6 halberd of Defence by Offence {pain, MR+ Int+2}
   (You found it on level 10 of the Dungeon)

   In the hands of one skilled in necromantic magic, it inflicts extra damage on
   living creatures.
   It affects your intelligence (+2).
   It affects your resistance to hostile enchantments.
   It has a curse placed upon it.
Armour
 b - a +0 animal skin
 k - a +2 helmet (worn)
 m - a +1 pair of boots (worn)
 p - a +1 scale mail (worn)
 q - a +0 ring mail
 y - a +0 cloak (worn)
 z - a +1 helmet
 G - a +0 pair of gloves (worn)
 W - a +0 buckler
 Z - a +0 shield (worn)
Jewellery
 i - a +5 ring of evasion (right hand)
 n - an uncursed ring of flight
 t - an uncursed ring of see invisible
 v - a ring of protection from fire (left hand)
 x - an uncursed ring of loudness
 I - an uncursed amulet of rage
 J - a cursed amulet of guardian spirit
 U - an uncursed ring of positive energy
 V - an uncursed ring of ice
Magical devices
 c - a wand of heal wounds (0)
 f - a wand of paralysis (3)
 s - a wand of polymorph (14)
 B - a wand of digging (10)
 F - a wand of fire (0)
 Q - a wand of enslavement (7)
 T - a wand of enslavement (9)
Scrolls
 e - 2 scrolls of fear
 l - 2 scrolls of identify
 o - 9 scrolls of teleportation
 u - 4 scrolls of remove curse
Potions
 g - 2 potions of agility
 h - 4 potions of might
 j - 4 potions of brilliance
 w - 2 potions of haste
 A - 2 potions of flight
Miscellaneous
 M - a box of beasts {used: 1}
Comestibles
 d - a bread ration
 O - 2 meat rations
 S - 3 beef jerkies


   Skills:
 * Level 12.9 Fighting
 + Level 13.2 Axes
 + Level 10.5 Armour
 + Level 13.3 Dodging
 + Level 2.2 Stealth
 + Level 4.2 Shields
 + Level 4.6 Evocations


You had 13 spell levels left.
You didn't know any spells.

Dungeon Overview and Level Annotations

Branches:
Dungeon (15/15)            Temple (0/1) D:5             Orc (0/4) D:11
 Depths (1/5) D:15
   Lair: D:8-11      Vaults: D:13-14

Altars:
Dithmenos
Fedhas
Ru
Trog
The Shining One

Shops:
D:8 *   D:12 *

Portals:
Pandemonium: Depths:1
Ziggurat: Depths:1

Annotations:
D:12 exclusion: ice statue


Innate Abilities, Weirdness & Mutations

You are resistant to damage.
You can recharge devices by infusing magical energy.
You resist negative energy.
You passively map the area around you.
You do not heal naturally.
You have sharp toenails.
Your magical capacity is low (-10% MP).
You have difficulty communicating with the divine.


Message History

The cyan very ugly thing is moderately wounded.
You slash the purple ugly thing!
You kill the purple ugly thing!
Trog accepts your kill.
You block the cyan very ugly thing's attack.
The brown very ugly thing barely misses you.
You block the purple very ugly thing's attack.
You closely miss the purple very ugly thing.
The purple very ugly thing is heavily wounded.
You hit the cyan very ugly thing.
The cyan very ugly thing is moderately wounded.
You hit the brown very ugly thing.
The brown very ugly thing is almost dead.
The cyan very ugly thing closely misses you.
The brown very ugly thing barely misses you.
The purple very ugly thing barely misses you.
You block the cyan very ugly thing's attack.
The purple very ugly thing headbutts you but does no damage.
The brown very ugly thing bites you!
You die...

* **########### *
#...#..#....#* *
* * ,,
,..#.........#..
, ,,,
............... ,
, ?..............
,
$......u†u.......
, * , ,
........@u.......
, *
.........†.......
,, , ,
.###........... ,
** ##.......... ,
, , * #..........
, , * , , , *
#......#.., , ,
......... , , ,,
........# ,, , ,
, , ... , ,


You could see 3 very ugly things.

Vanquished Creatures
  Agnes (Depths:1)
  A stone giant (Depths:1)
  An ettin (Depths:1)
  A great orb of eyes (Depths:1)
  Josephine (D:15)
  A rakshasa (Depths:1)
  A hydra (D:15)
  Nessos (D:11)
  Erica (D:15)
  3 centaur warriors
  2 catoblepae
  A tengu warrior (D:14)
  Nergalle (D:13)
  An unseen horror (D:14)
  2 skeletal warriors (D:12)
  6 hill giants
  2 wizards (Depths:1)
  2 griffons
  A wolf spider zombie (D:15)
  2 manticores (D:12)
  9 ugly things
  2 cyclopes
  2 centaur zombies (D:12)
  A gargoyle (D:14)
  2 centaur skeletons (D:12)
  An efreet (D:15)
  5 yaktaurs (D:15)
  A deep elf priest (Depths:1)
  2 tengu conjurers (D:14)
  7 trolls
  Sonja (D:15)
  The ghost of namelastname112 the Insei, an average DrVM of Nemelex Xobeh (D:5)
  3 ravens (D:14)
  5 slime creatures (D:15)
  A blink frog (shapeshifter) (D:15)
  A harpy skeleton (D:13)
  2 two-headed ogres
  A centaur simulacrum (D:13)
  A vampire (Depths:1)
  A spriggan (shapeshifter) (D:15)
  3 shadows
  6 wraiths (D:15)
  4 hungry ghosts
  21 yaks
  2 deep elf magi
  2 water elementals
  3 vampire mosquitoes (D:15)
  3 hippogriffs
  A mottled dragon (D:13)
  Menkaure (D:5)
  5 orc warriors
  3 ogres
  3 black bears (D:9)
  5 necrophages
  3 phantoms
  5 ice beasts
  4 sky beasts
  6 centaurs
  Sigmund (D:3)
  A big kobold (D:14)
  Blork the orc (D:5)
  11 giant frogs
  A gnoll sergeant (D:10)
  2 scorpions
  2 electric eels
  8 killer bees (D:10)
  10 crimson imps
  A goliath beetle (D:8)
  3 jellies
  2 giant frog zombies
  A quasit (D:7)
  A wasp zombie (D:12)
  3 giant frog skeletons
  2 orc priests
  3 hounds
  10 worker ants
  4 spectral orcs (D:13)
  Natasha (twice) (D:5)
  3 iguanas
  14 orc wizards
  A killer bee zombie (D:11)
  Ijyb (D:5)
  3 hound zombies
  A hound skeleton (D:11)
  4 mummies
  A worker ant zombie (D:8)
  12 gnolls
  10 adders
  2 river rats (Sewer)
  2 worms
  2 giant mites (D:3)
  A shadow imp (D:12)
  2 adder skeletons
  6 giant geckos
  43 orcs
  5 ball pythons
  23 bats
  7 giant cockroaches
  11 hobgoblins
  2 jackals (D:7)
  13 kobolds
  3 quokkas
  A ball python skeleton (D:6)
  11 giant newts
  11 goblins
  A quokka skeleton (D:5)
  20 rats
  2 plants (D:12)
448 creatures vanquished.

Vanquished Creatures (collateral kills)
  The ghost of poirepourri the Fighter, an experienced HOBe of Trog (D:7)
  A skeletal warrior (D:12)
  A troll (D:9)
3 creatures vanquished.

Vanquished Creatures (others)
  A fire vortex (D:13)
  A sky beast (D:11)
  An orc wizard (D:14)
  A giant spore (D:9)
  4 bushes (D:12)
  11 plants (D:12)
19 creatures vanquished.

Grand Total: 470 creatures vanquished

Notes
Turn   | Place    | Note
--------------------------------------------------------------
     0 | D:1      | poirepourri, the Deep Dwarf Berserker, began the quest for the Orb.
     0 | D:1      | Reached XP level 1. HP: 20/20 MP: 1/1
   189 | D:1      | Reached XP level 2. HP: 9/27 MP: 2/2
   981 | D:2      | Reached XP level 3. HP: 23/34 MP: 3/3
  1019 | D:2      | Acquired Trog's second power
  1079 | D:2      | Found a sacrificial altar of Ru.
  1446 | D:2      | Reached XP level 4. HP: 27/42 MP: 4/4
  1596 | D:3      | Reached skill level 4 in Axes
  1596 | D:3      | Reached skill level 1 in Stealth
  1644 | D:3      | Noticed Sigmund
  1698 | D:3      | Killed Sigmund
  1698 | D:3      | Reached XP level 5. HP: 34/50 MP: 5/5
  1778 | D:3      | Gained mutation: You possess an exceptional clarity of mind. [potion of beneficial mutation]
  2103 | D:3      | Found a glowing drain.
  2108 | Sewer    | Entered a sewer
  2146 | Sewer    | Reached skill level 1 in Evocations
  2351 | Sewer    | Reached XP level 6. HP: 36/57 MP: 7/7
  2517 | D:3      | Lost mutation: You possess an exceptional clarity of mind. [potion of cure mutation]
  2763 | D:4      | Reached skill level 5 in Dodging
  2800 | D:4      | Found a bloodstained altar of Trog.
  2910 | D:4      | Reached XP level 7. HP: 52/66 MP: 8/8
  2999 | D:4      | Reached skill level 5 in Axes
  3272 | D:4      | Gained mutation: You have sharp toenails. [potion of beneficial mutation]
  3341 | D:4      | Acquired Trog's third power
  3356 | D:5      | Entered Level 5 of the Dungeon
  3377 | D:5      | Reached skill level 5 in Fighting
  3545 | D:5      | Reached skill level 6 in Dodging
  3591 | D:5      | Noticed Menkaure
  3604 | D:5      | Killed Menkaure
  3604 | D:5      | Reached XP level 8. HP: 74/74 MP: 10/10
  3633 | D:5      | Noticed namelastname112's ghost (average DrVM)
  3641 | D:5      | Noticed Natasha
  3660 | D:5      | Killed Natasha
  3694 | D:5      | Killed namelastname112's ghost
  3758 | D:5      | Noticed Ijyb
  3779 | D:5      | Killed Ijyb
  3780 | D:5      | Found a staircase to the Ecumenical Temple.
  4124 | D:5      | Noticed Natasha
  4129 | D:5      | Killed Natasha
  4140 | D:5      | Noticed Blork the orc
  4155 | D:5      | Killed Blork the orc
  4326 | D:6      | Reached skill level 5 in Armour
  4434 | D:6      | Reached skill level 7 in Dodging
  4709 | D:7      | Noticed poirepourri's ghost (experienced HOBe)
  4752 | D:7      | Killed poirepourri's ghost
  4752 | D:7      | Reached skill level 8 in Dodging
  4752 | D:7      | Gained mutation: You passively map the area around you. [level up]
  4752 | D:7      | Reached XP level 9. HP: 38/85 MP: 12/12
  5128 | D:7      | Noticed a troll
  5154 | D:7      | Killed a troll
  5641 | D:8      | Found a bloodstained altar of Trog.
  5646 | D:8      | Reached skill level 9 in Dodging
  5676 | D:8      | Found Blaicuph's Assorted Antiques.
  5703 | D:8      | Bought a scale mail for 96 gold pieces
  5703 | D:8      | Bought a pair of gloves for 108 gold pieces
  5703 | D:8      | Bought a scroll of identify for 48 gold pieces
  5822 | D:9      | Found a glowing golden altar of the Shining One.
  5840 | D:9      | Reached XP level 10. HP: 51/96 MP: 0/13
  6405 | D:10     | Entered Level 10 of the Dungeon
  6543 | D:10     | Reached skill level 10 in Dodging
  6816 | D:10     | Noticed a red ugly thing
  6839 | D:10     | Killed a red ugly thing
  6934 | D:10     | Got an ivory halberd
  6935 | D:10     | Identified the +6 halberd of Defence by Offence {pain, MR+ Int+2} (You found it on level 10 of the Dungeon)
  7330 | D:11     | Found a staircase to the Orcish Mines.
  7337 | D:11     | Noticed Nessos
  7347 | D:11     | Found a labyrinth entrance.
  7364 | D:11     | Killed Nessos
  7364 | D:11     | Reached XP level 11. HP: 28/106 MP: 0/15
  7752 | D:11     | Noticed a hill giant
  7760 | D:11     | Killed a hill giant
  7807 | D:12     | Found Gushreta's General Store.
  7814 | D:12     | Bought a +0 leather armour for 24 gold pieces
  7814 | D:12     | Bought a beef jerky for 18 gold pieces
  7814 | D:12     | Bought a meat ration for 60 gold pieces
  7825 | D:12     | Reached skill level 11 in Dodging
  7969 | D:12     | Noticed a skeletal warrior
  7978 | D:12     | Killed a skeletal warrior
  8065 | D:12     | Noticed a skeletal warrior
  8066 | D:12     | Noticed a skeletal warrior
  8087 | D:12     | Killed a skeletal warrior
  8114 | D:12     | Killed a skeletal warrior
  8114 | D:12     | Reached skill level 10 in Axes
  8353 | D:12     | Reached skill level 10 in Fighting
  8396 | D:12     | Found a blossoming altar of Fedhas.
  8445 | D:12     | Found a frozen archway.
  8445 | D:12     | Noticed an ice statue
  8773 | D:12     | Noticed a hill giant
  8786 | D:12     | Killed a hill giant
  8842 | D:12     | Reached XP level 12. HP: 40/117 MP: 16/16
  9737 | D:13     | Noticed Nergalle
  9753 | D:13     | Killed Nergalle
 10231 | D:14     | Reached skill level 12 in Dodging
 10545 | D:14     | Found a flickering gateway to a bazaar.
 10687 | Bazaar   | Entered a bazaar
 10698 | Bazaar   | Found Nolage's Antique Weapon Boutique.
 10709 | Bazaar   | Found Thuag's Distillery.
 10732 | Bazaar   | Found Moahon's Armour Shoppe.
 10745 | Bazaar   | Found Buolew's Distillery.
 11069 | D:14     | Noticed a catoblepas
 11079 | D:14     | Killed a catoblepas
 11359 | D:14     | Noticed a centaur warrior
 11374 | D:14     | Killed a centaur warrior
 11496 | D:14     | Noticed a centaur warrior
 11505 | D:14     | Killed a centaur warrior
 11561 | D:14     | Reached XP level 13. HP: 83/124 MP: 16/16
 11582 | D:15     | Entered Level 15 of the Dungeon
 11694 | D:15     | Reached skill level 10 in Armour
 11827 | D:15     | Found a shadowy altar of Dithmenos.
 11856 | D:15     | Noticed Erica
 11870 | D:15     | Killed Erica
 11909 | D:15     | Reached skill level 1 in Shields
 12051 | D:15     | Noticed Sonja
 12062 | D:15     | Killed Sonja
 12144 | D:15     | Noticed Josephine
 12163 | D:15     | Killed Josephine
 13090 | D:15     | Reached skill level 13 in Dodging
 13129 | D:15     | Found a staircase to the Depths.
 13139 | Depths:1 | Entered Level 1 of the Depths
 13144 | Depths:1 | Noticed a stone giant
 13167 | Depths:1 | Killed a stone giant
 13407 | Depths:1 | Found a gateway to a ziggurat.
 13425 | Depths:1 | Found a one-way gate leading to the halls of Pandemonium.
 13425 | Depths:1 | Noticed a cacodemon
 13426 | Depths:1 | Gained mutation: You have difficulty communicating with the divine. [a cacodemon]
 13440 | Depths:1 | Noticed Agnes
 13454 | Depths:1 | Killed Agnes
 13460 | Depths:1 | Received a gift from Trog
 13464 | Depths:1 | Gained mutation: Your magical capacity is low (-10% MP). [a cacodemon]
 13465 | Depths:1 | Noticed a brown very ugly thing
 13465 | Depths:1 | Noticed a brown very ugly thing
 13465 | Depths:1 | Noticed a brown very ugly thing
 13473 | Depths:1 | Gained mutation: You resist negative energy. [level up]
 13473 | Depths:1 | Reached XP level 14. HP: 46/135 MP: 12/13
 13474 | Depths:1 | HP: 5/135 [cyan very ugly thing (19)]
 13476 | Depths:1 | Slain by a brown very ugly thing

Action                   |  1- 3 |  4- 6 |  7- 9 | 10-12 | 13-15 || total
-------------------------+-------+-------+-------+-------+-------++-------
Melee: Hand axe          |   145 |   261 |   420 |    43 |       ||   869
       War axe           |       |       |    97 |   578 |   248 ||   923
Invok: Trog's Hand       |       |     6 |    13 |    32 |    15 ||    66
       Burn Spellbooks   |       |     1 |     1 |     2 |       ||     4
       Berserk           |       |     2 |     3 |     1 |     5 ||    11
       Brothers in Arms  |       |       |     1 |     1 |       ||     2
 Abil: Device Recharging |       |       |       |     4 |     2 ||     6
Evoke: Wand              |     1 |     5 |    11 |    19 |    12 ||    48
       Box of beasts     |       |       |       |     1 |       ||     1
  Use: Potion            |     9 |     4 |     4 |    12 |     1 ||    30
       Scroll            |     4 |     7 |     5 |     6 |    15 ||    37
 Stab: Sleeping          |     1 |       |       |       |       ||     1
  Eat: Meat ration       |     1 |       |     3 |     4 |     1 ||     9
       Bread ration      |       |     1 |       |     3 |     1 ||     5
       Fruit             |       |       |     3 |       |       ||     3
       Beef jerky        |       |       |     1 |       |     1 ||     2
       Pizza             |       |       |     1 |       |       ||     1
